 Dungeon Sprint DCSS version 0.26.0-10-g1f06aea511 (webtiles) character file.

Game seed: 9619544058086579823

9384 Amaterasu the Talismancer (level 11, -7/115 HPs)
             Began as a Deep Dwarf Artificer on Jan 31, 2021.
             Was the Champion of Makhleb.
             Mangled by Qoexywnu the pandemonium lord (16 damage)
             ... in the Dungeon (Sprint V: "Ziggurat Sprint").
             The game lasted 00:08:25 (322 turns).

Amaterasu the Talismancer (Deep Dwarf Artificer)     Turns: 322, Time: 00:08:26

Health: -7/115     AC: 25    Str: 31    XL:     11   Next: 22%
Magic:  11/11      EV:  0    Int: 12    God:    Makhleb [******]
Gold:   0          SH: 26    Dex: 13    Spells: 10/10 levels left

rFire    . . .     SeeInvis .   l - +7 Sulking Sword {vorpal, sonic wave}
rCold    . . .     Faith    .   m - +18 shield of the Gong {rElec rN+ Will+ EV-5}
rNeg     + . .     Spirit   .   a - +15 Maxwell's patent armour {-Cast -Tele rElec Will+ rCorr}
rPois    .         Reflect  .   (no helmet)
rElec    +         Harm     .   (no cloak)
rCorr    +         Rampage  .   (no gloves)
Will     +++..     NoTele   +   (no boots) Stlth ..........NoCast +
                                (no amulet)
HPRegen  0.00/turn              t - +6 ring of strength
MPRegen  0.12/turn              u - +6 ring of strength

@: sap magic, non-regenerating, studying Dodging, silenced
A: damage resistance, heal wounds, sense surroundings 2, no regeneration
a: Heal Wounds, Renounce Religion


You were in the Dungeon.
You worshipped Makhleb.
Makhleb was exalted by your worship.
You visited 1 branch

Inventory:

Hand Weapons
 l - the +7 Sulking Sword (weapon) {vorpal, sonic wave}
   (You found it in the Dungeon)

   It inflicts extra damage upon your enemies.
Armour
 a - the +15 Maxwell's patent armour (worn) {-Cast -Tele rElec Will+ rCorr}
   (You found it in the Dungeon)

   It insulates you from electricity.
   It affects your willpower, your defense against some magical effects.
   It prevents spellcasting.
   It prevents most forms of teleportation.
   It provides partial protection from all sources of acid and corrosion.
 b - a +0 leather armour
 m - the +18 shield of the Gong (worn) {rElec rN+ Will+ EV-5}
   (You found it in the Dungeon)

   It affects your evasion (-5).
   It insulates you from electricity.
   It protects you from negative energy.
   It affects your willpower, your defense against some magical effects.
Jewellery
 o - an uncursed ring of flight
 p - a +6 ring of dexterity
 q - a +6 ring of dexterity
 r - a +6 ring of intelligence
 s - a +6 ring of intelligence
 t - a +6 ring of strength (left hand)
 u - a +6 ring of strength (right hand)
 J - an uncursed ring of poison resistance
 L - the ring "Qati" {*Slow rPois rN+ Int+3}
   (You found it in the Dungeon)

   [ring of positive energy]

   It affects your intelligence (+3).
   It protects you from poison.
   It protects you from negative energy.
   It may slow you when you take damage.
Wands
 c - a wand of flame (15) (quivered)
 d - a wand of enslavement (13)
 e - a wand of random effects (15)
 v - a wand of disintegration (4)
 x - a wand of acid (4)
Scrolls
 k - 4 scrolls of blinking
 y - 4 scrolls of amnesia
 E - 9 scrolls of fog
 F - a scroll of holy word
 G - 5 scrolls of identify
 H - 5 scrolls of remove curse
 I - 2 scrolls of fear
Potions
 f - 10 potions of curing
 g - 14 potions of heal wounds
 h - 9 potions of haste
 i - 7 potions of magic
 j - 3 potions of berserk rage
 z - 2 potions of brilliance
 A - 2 potions of invisibility
 B - 4 potions of resistance
 C - a potion of experience
 D - 5 potions of might
Books
 M - a manual of Dodging
Miscellaneous
 n - a lightning rod (1/4)
 K - a box of beasts


   Skills:
 * Level 12.3 Fighting
 - Level 2.1 Armour
 - Level 1.1 Dodging
 - Level 1.2 Stealth
 O Level 27 Evocations


You had 10 spell levels left.
You didn't know any spells.
Your spell library was empty.

Dungeon Overview and Level Annotations

Branches:
Dungeon (1/1)

Altars:
Ashenzari
Cheibriados
Dithmenos
Elyvilon
Fedhas
Gozag
Hepliaklqana
Kikubaaqudgha
Makhleb
Nemelex Xobeh
Okawaru
Qazlal
Ru
Sif Muna
Trog
Uskayaw
Vehumet
Wu Jian
Xom
Yredelemnul
Zin
The Shining One
Beogh
Jiyva
Lugonu


Innate Abilities, Weirdness & Mutations

You are resistant to damage.
You can heal yourself by infusing magical energy.
You passively map the area around you.
You do not regenerate.


Message History

The thunderbolt hits the torturous corrupter!!
You kill the torturous corrupter!
Makhleb accepts your kill.
You feel better.
The thunderbolt hits the large abomination!
The large abomination is moderately damaged.
The thunderbolt hits the sun demon!
The sun demon resists.
The sun demon is severely wounded.
The thunderbolt hits Qoexywnu.
Qoexywnu completely resists.
Qoexywnu is lightly wounded.
You feel yourself speed up.
Your torturous warmonger is no longer moving slowly.
Qoexywnu hits you.
* * * LOW HITPOINT WARNING * * *
Space warps horribly around you!!
* * * LOW HITPOINT WARNING * * *
You block Qoexywnu's attack.
The sun demon hits you but does no damage.
Qoexywnu hits you!!
You die...

* , , , ▓..|)|[)..▓
▓..:})}|..▓...).[=..▓
, ,
▓.........▓......†..▓
,
▓.........▓.........▓
, , ,
▓.....6...▓.....†...▓
,
▓...2X....▓....†....▓
,
▓...§.&...▓....†....▓
, , ,
▓...3&3...▓....©....▓
, , ,,
▓....@....▓▓▓▓▓▓▓▓▓▓▓
* * ▓▓▓▓▓▓▓▓▓▓▓ * **
, , , ,, 8 ,, * , , ,
, , , , * , , , ,, ,
, , , , , ,, ,, , , ,
, , , , , ,,, , , ,
,, , ,


You could see Qoexywnu (fast), Qysated (silencing), a blizzard demon, 2 sun
demons, a large abomination and a friendly torturous warmonger (charmed).

Vanquished Creatures
  A deep elf sorcerer (D)
  A deep elf demonologist (D)
  A corrupter (D)
  5 deep elf archers (D)
  A wolf spider (D)
  4 deep elf magi (D)
  An orange demon (D)
  An ice devil (D)
  A jumping spider (D)
  A redback (D)
  A fire elemental (D)
  A chaos spawn (D)
  A floating eye (D)
  An orc warrior (D)
  3 necrophages (D)
  9 scorpions (D)
  2 wights (D)
  2 iron imps (D)
  2 jellies (D)
  2 orc priests (D)
  2 orc wizards (D)
  A white imp (D)
  An ooze (D)
  An adder zombie (D)
  An adder skeleton (D)
  An orc (D)
  A bat zombie (D)
  A jackal skeleton (D)
  A leopard gecko skeleton (D)
51 creatures vanquished.

Vanquished Creatures (collateral kills)
  A freezing wraith (D)
  2 rime drakes (D)
  2 ice devils (D)
  A white imp (D)
6 creatures vanquished.

Grand Total: 57 creatures vanquished

Notes
Turn   | Place    | Note
-------+----------+-------------------------------------------
     0 | D        | Amaterasu the Deep Dwarf Artificer began the quest for the
                  | Orb.
     0 | D        | Reached XP level 1. HP: 16/16 MP: 1/1
     0 | D        | Banished a spatial maelstrom
     1 | D        | Found a blossoming altar of Fedhas.
     2 | D        | Found the +6 Majin-Bo {vamp, MP+6 Int+6}
     2 | D        | Found the +9 heavy crossbow "Sniper" {vorpal, Acc+∞ SInv}
     2 | D        | Found the +10 dark maul {vorpal}
     2 | D        | Found the +15 Maxwell's patent armour {-Cast -Tele rElec
                  | Will+ rCorr}
     2 | D        | Found the +18 shield of the Gong {rElec rN+ Will+ EV-5}
     2 | D        | Found the cursed +14 obsidian axe {vorpal, +Fly SInv
                  | *Curse}
     2 | D        | Found the +7 great mace "Firestarter" {inner flame, rF++}
     2 | D        | Found the +6 shillelagh "Devastator" {shatter}
     2 | D        | Found the +11 plutonium sword {*Contam Stlth-}
     2 | D        | Found the +8 lance "Wyrmbane" {slay drac, rPois rF+ rC+
                  | AC+3}
     2 | D        | Found the +9 sword of Zonguldrok {reap}
     2 | D        | Found the cursed +13 scythe of Curses {drain, *Curse}
     2 | D        | Found the +5 sword of Power {vorpal}
     2 | D        | Found the +7 mace of Variability {chain chaos}
     2 | D        | Found the +7 Singing Sword {vorpal, sonic wave}
     2 | D        | Found the +8 storm bow {elec, penet}
     2 | D        | Found a viscous altar of Jiyva.
     2 | D        | Found a transporter.
     2 | D        | Found a hazy altar of Hepliaklqana.
     2 | D        | Found an ancient bone altar of Kikubaaqudgha.
     2 | D        | Found an opulent altar of Gozag.
     2 | D        | Found a corrupted altar of Lugonu.
     7 | D        | Found a burning altar of Makhleb.
     8 | D        | Found an iron altar of Okawaru.
     8 | D        | Found a stormy altar of Qazlal.
     8 | D        | Found a sparkling altar of Nemelex Xobeh.
     8 | D        | Found a sacrificial altar of Ru.
     8 | D        | Found a shimmering blue altar of Sif Muna.
    14 | D        | Found a bloodstained altar of Trog.
    22 | D        | Became a worshipper of Makhleb the Destroyer
   101 | D        | Entered arena 2.
   101 | D        | Noticed a deep elf archer
   101 | D        | Noticed a deep elf mage
   101 | D        | Found a transporter.
   104 | D        | Killed a deep elf mage
   105 | D        | Reached skill level 15 in Evocations
   105 | D        | Reached XP level 2. HP: 33/33 MP: 2/2
   105 | D        | Reached XP level 3. HP: 40/40 MP: 3/3
   105 | D        | Reached XP level 4. HP: 48/48 MP: 4/4
   105 | D        | Reached XP level 5. HP: 55/55 MP: 5/5
   105 | D        | Reached XP level 6. HP: 62/62 MP: 6/6
   105 | D        | Killed a deep elf archer
   106 | D        | Reached skill level 17 in Evocations
   106 | D        | Reached XP level 7. HP: 73/73 MP: 7/7
   125 | D        | Entered arena 3.
   125 | D        | Noticed a jumping spider
   125 | D        | Found a transporter.
   126 | D        | Reached * piety under Makhleb
   127 | D        | Reached skill level 18 in Evocations
   127 | D        | Killed a jumping spider
   128 | D        | Reached XP level 8. HP: 81/81 MP: 8/8
   144 | D        | Entered arena 4.
   144 | D        | Noticed a deep elf mage
   144 | D        | Noticed a deep elf archer
   144 | D        | Noticed a deep elf archer
   144 | D        | Found a transporter.
   147 | D        | Killed a deep elf archer
   147 | D        | Reached ** piety under Makhleb
   148 | D        | Reached skill level 19 in Evocations
   148 | D        | Killed a deep elf mage
   149 | D        | Reached skill level 20 in Evocations
   149 | D        | Killed a deep elf archer
   150 | D        | Reached skill level 21 in Evocations
   150 | D        | Gained mutation: You passively map the area around you.
                  | [Deep Dwarf growth]
   150 | D        | Reached XP level 9. HP: 92/92 MP: 9/9
   163 | D        | Got the ring "Qati" {*Slow rPois rN+ Int+3}
   166 | D        | Entered arena 5.
   166 | D        | Found a transporter.
   168 | D        | Reached *** piety under Makhleb
   180 | D        | Entered arena 6.
   180 | D        | Found a transporter.
   182 | D        | Reached **** piety under Makhleb
   199 | D        | Entered arena 7.
   200 | D        | Found a transporter.
   204 | D        | Reached ***** piety under Makhleb
   205 | D        | Reached skill level 10 in Fighting
   205 | D        | Reached skill level 22 in Evocations
   214 | D        | Acquired a manual of Dodging
   220 | D        | Entered arena 8.
   220 | D        | Noticed a deep elf archer
   220 | D        | Noticed a deep elf demonologist
   220 | D        | Noticed a deep elf mage
   220 | D        | Noticed a deep elf mage
   220 | D        | Noticed a deep elf sorcerer
   220 | D        | Noticed a deep elf archer
   222 | D        | Killed a deep elf demonologist
   222 | D        | Killed a deep elf archer
   223 | D        | Reached skill level 23 in Evocations
   223 | D        | Reached XP level 10. HP: 94/103 MP: 10/10
   223 | D        | Killed a deep elf sorcerer
   224 | D        | Reached skill level 24 in Evocations
   225 | D        | Killed a deep elf mage
   225 | D        | Reached ****** piety under Makhleb
   227 | D        | Found a transporter.
   228 | D        | Killed a deep elf mage
   229 | D        | Reached skill level 25 in Evocations
   230 | D        | Killed a deep elf archer
   247 | D        | Entered arena 9.
   251 | D        | Found a transporter.
   263 | D        | Reached skill level 26 in Evocations
   264 | D        | Reached XP level 11. HP: 93/114 MP: 11/11
   275 | D        | Entered arena 10.
   276 | D        | Found the +10 tower shield of Ignorance {rN+ Int-4}
   279 | D        | Found a transporter.
   293 | D        | Entered arena 11.
   293 | D        | Noticed a wolf spider
   294 | D        | Found the +3 robe of Clouds {+Thunder rCloud rElec}
   298 | D        | Killed a wolf spider
   299 | D        | Found a transporter.
   312 | D        | Entered arena 12.
   312 | D        | Noticed a sun demon
   312 | D        | Noticed a sun demon
   312 | D        | Noticed Qysated the pandemonium lord
   312 | D        | Noticed a torturous warmonger
   312 | D        | Noticed Qoexywnu the pandemonium lord
   313 | D        | Noticed a torturous corrupter
   316 | D        | Noticed a blizzard demon
   322 | D        | Reached skill level 27 in Evocations
   322 | D        | Killed a torturous corrupter
   322 | D        | Mangled by Qoexywnu the pandemonium lord

Illustrated notes

Levels and vault maps discovered:
D:        sprint_v [room_start, room_1, room_2, room_3, room_4, room_5, room_6,
          room_7, room_8, room_9, room_10, room_11, room_12, room_13, room_14,
          room_15, room_16, room_17, room_18, room_19, room_20, room_21,
          room_22, room_23, room_24, room_25, room_26, room_27]

Skill      XL: |  1  2  3  4  5  6  7  8  9 10 11 |
---------------+----------------------------------+-----
Fighting       | 6 7 8 9 10 11 12 | 12.3
Evocations     | 15 17 18 21 23 26 27 | 27.0
Armour         | |  2.1
Dodging        | |  1.1
Stealth        | |  1.2

Action                   |  1- 3 |  4- 6 |  7- 9 | 10-12 || total
-------------------------+-------+-------+-------+-------++-------
Melee: Double sword      |       |     1 |    18 |     4 ||    23
Evoke: Wand              |     3 |       |     4 |     8 ||    15
       Lightning rod     |       |       |     8 |    17 ||    25
       Box of beasts     |       |       |       |     1 ||     1
  Use: Scroll            |       |       |     1 |       ||     1
Armor: Plate armour      |       |       |    13 |     3 ||    16
Dodge: Dodged            |       |       |       |     1 ||     1
Block: Kite shield       |       |       |    25 |    26 ||    51
